Cogmind - Beta 10.2 --- EXPLORER MODE // 2021.08.25 @ 18:12:19 Player: UdenTiso Result: Destroyed by B-75 Beast with Heavy Plasma Cannon Performance ------------- Evolutions (5) 2500 Regions Visited (7) 1400 Robots Destroyed (8) 40 Value Destroyed (303) 303 Prototype IDs (2) 40 Alien Tech Used (0) 0 Bonus (470) 470 TOTAL SCORE: 4753 Bonus ------- Pacifist 470 Cogmind --------- Core Integrity 0/1000 Matter 85/300 Energy 100/100 System Corruption 6% Temperature Cool (12) Movement Core (50) Location -5/Extension Parts ------- > --- POWER (3) -------- (None) > --- PROPULSION (7) --- (None) > --- UTILITY (6) ------ (None) > --- WEAPON (2) ------- (None) > --- INVENTORY (4) ---- Cesium-ion Thruster Xenon Bombardment Thruster Nuclear Pulse Thruster Assault Cannon Peak State ------------ > --- POWER ------------ Neutrino Core Neutrino Core Neutrino Core > --- PROPULSION ------- Xenon Bombardment Thruster Xenon Bombardment Thruster Xenon Bombardment Thruster Xenon Bombardment Thruster Improved Cesium-ion Thruster Improved Cesium-ion Thruster Improved Cesium-ion Thruster > --- UTILITY ---------- Medium Storage Unit Targeting Computer > --- WEAPON ----------- Improved Spread Laser Gauss Rifle > --- INVENTORY -------- Aluminum Leg Cesium-ion Thruster Xenon Bombardment Thruster Nuclear Pulse Thruster Assault Cannon [Rating: 61] Favorites ----------- Power Light Ion Engine Engine Light Ion Engine Power Core Neutrino Core Propulsion Improved Cesium-ion Thruster Leg Aluminum Leg Flight Unit Improved Cesium-ion Thruster Utility Medium Storage Unit Device Maneuvering Thrusters Storage Medium Storage Unit Processor Targeting Computer Protection Power Shielding Weapon Light Assault Rifle Energy Gun Improved Spread Laser Ballistic Gun Light Assault Rifle Ballistic Cannon Assault Cannon Launcher Missile Launcher Build | -11 -10 -9 -8 -7 -6 -5 -5 ------- Run | Scr Mat Mat Mat Fac Fac Fac Ext Slots Evolved 11 | . 1 2 2 2 2 2 . Power 2 | . . . . 1 1 . . Propulsion 5 | . . 2 . 1 1 1 . Utility 4 | . 1 . 2 . . 1 . Weapon . | . . . . . . . . Parts Attached 39 | . 1 1 7 13 5 7 5 Power 8 | . . . 1 3 . 3 1 Engine 3 | . . . 1 2 . . . Core 5 | . . . . 1 . 3 1 Reactor . | . . . . . . . . Propulsion 17 | . . . 4 6 2 3 2 Treads . | . . . . . . . . Leg 1 | . . . . . . . 1 Wheel . | . . . . . . . . Hover . | . . . . . . . . Flight 16 | . . . 4 6 2 3 1 Utility 7 | . 1 1 2 2 1 . . Device 3 | . . . . 2 1 . . Storage 1 | . . 1 . . . . . Processor 1 | . 1 . . . . . . Hackware . | . . . . . . . . Protection 2 | . . . 2 . . . . Artifact . | . . . . . . . . Weapon 7 | . . . . 2 2 1 2 Energy Gun 2 | . . . . . . 1 1 Energy Cannon . | . . . . . . . . Ballistic Gun 3 | . . . . 1 1 . 1 Ballistic Cannon 1 | . . . . 1 . . . Launcher 1 | . . . . . 1 . . Special Weapon . | . . . . . . . . Impact Weapon . | . . . . . . . . Slashing Weapon . | . . . . . . . . Piercing Weapon . | . . . . . . . . Special Melee Weapon . | . . . . . . . . Unidentified Prototypes 2 | . . . . 1 . 1 . Parts Lost 14 | . . . . . 5 2 7 Power 2 | . . . . . 1 1 . Propulsion 6 | . . . . . . 1 5 Utility 5 | . . . . . 3 . 2 Weapon 1 | . . . . . 1 . . Highest Loss Streak 5 | . . . . . 2 2 5 Average Slot Usage (%) 69 | . 100 80 93 98 83 55 20 Engine 5 | . 12 10 8 12 6 1 . Core 2 | . . . . 1 5 4 1 Leg 2 | . 25 20 4 . . . 1 Flight 24 | . . . 21 35 35 30 9 Device 2 | . . . . 3 7 . . Storage 9 | . 12 12 16 14 10 5 4 Processor 5 | . 12 10 8 7 6 5 1 Protection 4 | . 12 8 16 10 1 . . Ballistic Gun 8 | . 25 20 16 12 7 3 . Launcher 1 | . . . . . 3 2 . Naked Turns 15 | . . . . . . . 15 Heaviest Build 58 | 15 15 15 21 27 35 50 58 Greatest Support 53 | 20 20 20 24 38 46 53 45 Greatest Overweight (x) 3 | . . . 3 . . 1 2 Average Overweight (x) . | . . . . . . . . Largest Inventory Capacity 8 | . 8 8 8 8 8 8 8 Average Capacity 7 | . 8 8 8 8 8 8 7 Most Carried 8 | . 6 8 8 8 8 8 8 Average Carried 6 | . 6 6 7 7 7 7 4 Final Capacity 8 | 8 8 8 8 8 8 8 4 Final Carried 8 | 7 6 8 8 8 8 8 4 Class Distribution -------------------- 66% | Hacker-Sprinter 30% | Hacker-Mutant Dominant Class ---------------- Hacker-Mutant | -10/Materials Hacker-Mutant | -9/Materials Hacker-Sprinter | -8/Materials Hacker-Sprinter | -7/Factory Hacker-Sprinter | -6/Factory Hacker-Sprinter | -5/Factory Hacker-Mutant | -5/Extension Resources | -11 -10 -9 -8 -7 -6 -5 -5 ----------- Run | Scr Mat Mat Mat Fac Fac Fac Ext Matter Collected 422 | 173 . . 33 86 2 68 60 Remotely . | . . . . . . . . Salvage Created 359 | . . . 105 125 61 68 . Parts 18 | . . . 8 5 2 3 . Haulers Intercepted . | . . . . . . . . Recyclers Shooed . | . . . . . . . . Parts Field Recycled . | . . . . . . . . Retrieved Matter . | . . . . . . . . Parts Self-Destructed . | . . . . . . . . Prevented . | . . . . . . . . Kills | -11 -10 -9 -8 -7 -6 -5 -5 ------- Run | Scr Mat Mat Mat Fac Fac Fac Ext Combat Hostiles Destroyed 8 | . . . 4 2 1 1 . Guns 7 | . . . 4 1 1 1 . Cannons 1 | . . . . 1 . . . Classes Destroyed 3 | . . . 2 . 1 . . Swarmer 3 | . . . 3 . . . . Grunt 2 | . . . . . 1 1 . Sentry 3 | . . . 1 2 . . . Best Kill Streak 4 | . . . 4 1 1 1 . Combat Bots Only 4 | . . . 4 1 1 1 . Max Kills in Single Turn 1 | . . . 1 1 1 1 . Gunslinging . | . . . . . . . . Exploded . | . . . . . . . . Melee . | . . . . . . . . Uniques/NPCs Destroyed . | . . . . . . . . Combat | -11 -10 -9 -8 -7 -6 -5 -5 -------- Run | Scr Mat Mat Mat Fac Fac Fac Ext Damage Taken 2633 | . . 23 127 223 493 229 1538 Core 1173 | . . . . 33 129 70 941 Absorbed by Shields . | . . . . . . . . Core Remaining (%) 96 | 100 100 100 100 95 84 . . Volleys Fired 45 | . . . 9 10 18 4 4 Largest 2 | . . . 2 2 2 1 2 Hottest 103 | . . . 40 64 48 28 103 Shots Fired 73 | . . . 18 20 23 4 8 Gun 69 | . . . 18 17 22 4 8 Cannon 3 | . . . . 3 . . . Launcher 1 | . . . . . 1 . . Special . | . . . . . . . . Kinetic 68 | . . . 18 20 22 4 4 Thermal 4 | . . . . . . . 4 Explosive 1 | . . . . . 1 . . Electromagnetic . | . . . . . . . . Robot Hit Streak 38 | . . . 15 22 14 18 38 Robot Miss Streak 1 | . . . . 1 1 . 1 Penetration Max 1 | . . . . . 1 . . Secondary Targets . | . . . . . . . . Shots Hit Robots 66 | . . . 15 17 22 4 8 Core Hits 43 | . . . 5 8 11 3 16 Critical Hits . | . . . . . . . . Critical Kills . | . . . . . . . . Critical Parts Destroyed . | . . . . . . . . Melee Attacks . | . . . . . . . . Impact . | . . . . . . . . Slashing . | . . . . . . . . Piercing . | . . . . . . . . Sneak Attacks . | . . . . . . . . Combat Hostiles . | . . . . . . . . Follow-up Attacks . | . . . . . . . . Damage Inflicted 1179 | . . 10 143 215 458 86 267 Guns 877 | . . . 143 167 256 86 225 Cannons 48 | . . . . 48 . . . Explosions 202 | . . . . . 202 . . Melee . | . . . . . . . . Ramming 52 | . . 10 . . . . 42 Kinetic 787 | . . . 143 215 256 86 87 Thermal 138 | . . . . . . . 138 Explosive 202 | . . . . . 202 . . Electromagnetic . | . . . . . . . . Impact . | . . . . . . . . Slashing . | . . . . . . . . Piercing . | . . . . . . . . Highest Corruption 6 | . . . . . 1 . 6 Average Corruption 2 | . . . . . 1 . 3 Corruption Purged . | . . . . . . . . Effects 3 | . . . . . . . 3 Message Errors 1 | . . . . . . . 1 Matter Fused 1 | . . . . . . . 1 Parts Rejected 1 | . . . . . . . 1 Overload Shots . | . . . . . . . . Overflow Damage 4 | . . . . . 4 . . Projectiles . | . . . . . . . . Explosions 4 | . . . . . 4 . . Melee . | . . . . . . . . Knockbacks . | . . . . . . . . Impact . | . . . . . . . . Kinetic . | . . . . . . . . Secondary . | . . . . . . . . Self-Inflicted Damage 24 | . . 5 . . . . 19 Shots . | . . . . . . . . Rammed 16 | . . 1 . . . . 15 Targets Rammed 16 | . . 1 . . . . 15 Kicked . | . . . . . . . . Crushed . | . . . . . . . . Highest Temperature 520 | . . . 15 403 325 329 520 Average Temperature 160 | . . . 5 84 193 184 255 Received Heat Transfer 810 | . . . 45 120 324 162 159 Effects 19 | . . . . 3 7 3 6 Shutdowns 5 | . . . . 1 . 1 3 Energy Bleed 5 | . . . . 1 2 2 . Interference 5 | . . . . . 5 . . Matter Decay 1 | . . . . . . . 1 Short Circuit 1 | . . . . . . . 1 Damage (minor) 2 | . . . . 1 . . 1 Siege Activations . | . . . . . . . . Robots Corrupted . | . . . . . . . . Combat Hostiles . | . . . . . . . . Parts Fried . | . . . . . . . . Impact Corruptions . | . . . . . . . . Robots Melted . | . . . . . . . . Combat Hostiles . | . . . . . . . . Parts Melted . | . . . . . . . . Heat Transferred 115 | . . . . . . . 115 Parts Sabotaged . | . . . . . . . . Parts Stolen . | . . . . . . . . Parts Stripped . | . . . . . . . . Power Chain Reactions . | . . . . . . . . Missiles Intercepted . | . . . . . . . . Alert | -11 -10 -9 -8 -7 -6 -5 -5 ------- Run | Scr Mat Mat Mat Fac Fac Fac Ext Peak Influence 358 | . . 45 128 237 358 256 106 Initial 121 | . . . 13 42 85 121 91 Average 101 | . . 20 39 107 170 128 73 Maximum Alert Level 1 | . . . . 1 1 1 . Low Security (%) 91 | . 100 100 100 86 75 95 100 Level 1 8 | . . . . 13 24 4 . Level 2 . | . . . . . . . . Level 3 . | . . . . . . . . Level 4 . | . . . . . . . . Level 5 . | . . . . . . . . High Security . | . . . . . . . . Max Security . | . . . . . . . . Squads Dispatched 11 | . . 1 . 4 2 2 2 Investigation 1 | . . . . . . 1 . Extermination 1 | . . . . 1 . . . Reinforcement 9 | . . 1 . 3 2 1 2 Assault . | . . . . . . . . Garrison . | . . . . . . . . Intercept . | . . . . . . . . Construction Impeded . | . . . . . . . . Haulers Reinforced . | . . . . . . . . Stealth | -11 -10 -9 -8 -7 -6 -5 -5 --------- Run | Scr Mat Mat Mat Fac Fac Fac Ext Distress Signals 4 | . . . . . 2 1 1 Communications Jammed . | . . . . . . . . Distress Signals . | . . . . . . . . Times Spotted 71 | . . 3 6 14 24 9 15 Peak Tracking Total 18 | . . 1 6 6 18 6 13 Tactical Retreats 10 | . . . . 2 5 2 1 Traps | -11 -10 -9 -8 -7 -6 -5 -5 ------- Run | Scr Mat Mat Mat Fac Fac Fac Ext Traps Triggered 7 | . . 2 . . 1 2 2 Indirectly . | . . . . . . . . Trap Hack Attempts . | . . . . . . . . Triggered . | . . . . . . . . Disarmed . | . . . . . . . . Reprogrammed . | . . . . . . . . Reused . | . . . . . . . . Traps Extracted . | . . . . . . . . Installed . | . . . . . . . . Triggered . | . . . . . . . . Machines | -11 -10 -9 -8 -7 -6 -5 -5 ---------- Run | Scr Mat Mat Mat Fac Fac Fac Ext Machines Disabled 2 | . . . . . 2 . . Max in Single Turn 1 | . . . . . 1 . . Energy Cycler 1 | . . . . . . . 1 Machines Sabotaged . | . . . . . . . . Garrisons Compromised . | . . . . . . . . Overloaded Fab Kills . | . . . . . . . . Fab Network Shutdowns . | . . . . . . . . Hacking | -11 -10 -9 -8 -7 -6 -5 -5 --------- Run | Scr Mat Mat Mat Fac Fac Fac Ext Machines Accessed . | . . . . . . . . Terminals . | . . . . . . . . Fabricators . | . . . . . . . . Repair Stations . | . . . . . . . . Recycling Units . | . . . . . . . . Scanalyzers . | . . . . . . . . Garrison Access . | . . . . . . . . Total Hacks . | . . . . . . . . Successful . | . . . . . . . . Failed . | . . . . . . . . Catastrophic . | . . . . . . . . Database Lockouts . | . . . . . . . . Manual . | . . . . . . . . Terminals . | . . . . . . . . Fabricators . | . . . . . . . . Repair Stations . | . . . . . . . . Recycling Units . | . . . . . . . . Scanalyzers . | . . . . . . . . Garrison Access . | . . . . . . . . Terminal Hacks . | . . . . . . . . Fabricator Hacks . | . . . . . . . . Repair Station Hacks . | . . . . . . . . Recycling Unit Hacks . | . . . . . . . . Scanalyzer . | . . . . . . . . Garrison Access Hacks . | . . . . . . . . Unauthorized Hacks . | . . . . . . . . Terminals . | . . . . . . . . Fabricators . | . . . . . . . . Repair Stations . | . . . . . . . . Recycling Units . | . . . . . . . . Scanalyzers . | . . . . . . . . Garrison Access . | . . . . . . . . Data Cores Recovered . | . . . . . . . . Used . | . . . . . . . . Hacking Detections . | . . . . . . . . Full Trace Events . | . . . . . . . . Feedback Events . | . . . . . . . . Feedback Blocked . | . . . . . . . . Robot Schematics Acquired . | . . . . . . . . Robots Built . | . . . . . . . . Matter . | . . . . . . . . Time . | . . . . . . . . Total Robot Build Rating . | . . . . . . . . Part Schematics Acquired . | . . . . . . . . Parts Built . | . . . . . . . . Matter . | . . . . . . . . Time . | . . . . . . . . Total Part Build Rating . | . . . . . . . . Parts Repaired . | . . . . . . . . Time . | . . . . . . . . Parts Recycled . | . . . . . . . . Recycled Matter . | . . . . . . . . Retrieved Matter . | . . . . . . . . Retrieved Components . | . . . . . . . . Parts Scanalyzed . | . . . . . . . . Part Schematics Acquired . | . . . . . . . . Parts Damaged . | . . . . . . . . Bothacking | -11 -10 -9 -8 -7 -6 -5 -5 ------------ Run | Scr Mat Mat Mat Fac Fac Fac Ext Used RIF Installer . | . . . . . . . . Robots Hacked . | . . . . . . . . Non-combat . | . . . . . . . . Combat . | . . . . . . . . Robot Hacks Applied . | . . . . . . . . Relay Couplers Released . | . . . . . . . . Robots Rewired . | . . . . . . . . Allies Hacked 1 | . . . . . . . 1 Hacks Repelled . | . . . . . . . . Allies | -11 -10 -9 -8 -7 -6 -5 -5 -------- Run | Scr Mat Mat Mat Fac Fac Fac Ext Total Allies 2 | . . . . . . . 2 Largest Group 2 | . . . . . . . 2 Highest-Rated Group 51 | . . . . . . . 51 Highest-Rated Ally 31 | . . . . . . . 31 Total Orders . | . . . . . . . . Ally Attacks 5 | . . . . . . . 5 Total Damage 86 | . . . . . . . 86 Kills . | . . . . . . . . Allies Corrupted 1 | . . . . . . . 1 Allies Melted . | . . . . . . . . Intel | -11 -10 -9 -8 -7 -6 -5 -5 ------- Run | Scr Mat Mat Mat Fac Fac Fac Ext Robot Analysis Total . | . . . . . . . . Derelict Logs Recovered . | . . . . . . . . Drone Launches . | . . . . . . . . Drone Recoveries . | . . . . . . . . Exploration | -11 -10 -9 -8 -7 -6 -5 -5 ------------- Run | Scr Mat Mat Mat Fac Fac Fac Ext Turns Passed 1443 | . 55 95 106 337 240 327 283 Spaces Moved 2156 | 1 46 76 86 747 489 503 208 Core 71 | . . . . . . . 71 Treads . | . . . . . . . . Legs 208 | 1 46 76 23 . . . 62 Wheels . | . . . . . . . . Hover . | . . . . . . . . Flight 1877 | . . . 63 747 489 503 75 Fastest Speed 19 | 120 120 120 31 25 22 19 23 Average Speed 41 | 120 120 120 61 27 24 33 96 Slowest Speed 300 | 120 120 120 300 29 25 98 150 Overloaded Moves . | . . . . . . . . Propulsion Burnouts . | . . . . . . . . Robots Hopped 25 | . . . 1 2 6 16 . Cave-ins Triggered . | . . . . . . . . Exploration Rate (%) 17 | 2 14 13 12 30 17 14 38 Regions Visited 7 Branch Regions 1 Pre-discovered Areas . | . . . . . . . . Known Exits Taken 7 | 1 1 1 1 1 1 1 . Unknown Exits Taken . | . . . . . . . . Scrap Searched . | . . . . . . . . Spaces Dug . | . . . . . . . . Terrain Destroyed 4 | . . . . . 4 . . Melee . | . . . . . . . . Projectile . | . . . . . . . . AOE 4 | . . . . . 4 . . Terrain Rammed . | . . . . . . . . Walls Destroyed . | . . . . . . . . Machines Disabled . | . . . . . . . . Actions | -11 -10 -9 -8 -7 -6 -5 -5 --------- Run | Scr Mat Mat Mat Fac Fac Fac Ext Total 2609 | . 46 79 122 862 580 641 279 Wait 346 | . . . 12 76 74 137 47 Move 2104 | . 45 75 83 742 477 474 208 Hop 20 | . . . 1 2 5 12 . Pick Up 12 | . . 1 4 6 . 1 . Fast Attach 14 | . . 1 4 2 3 3 1 Attach 15 | . 1 . 2 3 1 4 4 Detach 7 | . . 1 2 . . 4 . Swap 10 | . . . 1 8 1 . . Drop 20 | . . . 4 13 1 2 . Fire 45 | . . . 9 10 18 4 4 Melee . | . . . . . . . . Ram 15 | . . . . . . . 15 Kick 1 | . . 1 . . . . . Crush . | . . . . . . . . Escape Stasis . | . . . . . . . . Rewire . | . . . . . . . . Trap . | . . . . . . . . Miscellaneous . | . . . . . . . . Route ------- -11/Scrapyard -10/Materials (discovered 2 exits: *Mat / *Min) -9/Materials -8/Materials -7/Factory (discovered 2 exits: *Fac / *Low) -6/Factory -5/Factory (discovered 3 exits: *Upp x2 / *Ext) -5/Extension (discovered 1 exit: *Fac) History --------- Turn | Location | Event 1 | -11/Scrapyard | Identified exit to Materials 1 | -11/Scrapyard | Discovered exit to Materials (range 0) 1 | -11/Scrapyard | Entered Materials 1 | -10/Materials | Evolved 1 slot: Utility x1 8 | -10/Materials | Identified exit to Mines 8 | -10/Materials | Discovered exit to Mines (range 16) 38 | -10/Materials | Identified exit to Materials 38 | -10/Materials | Discovered exit to Materials (range 16) 56 | -10/Materials | Entered another Materials area 56 | -9/Materials | Evolved 2 slots: Propulsion x2 136 | -9/Materials | Identified exit to Materials 136 | -9/Materials | Discovered exit to Materials (range 13) 151 | -9/Materials | Entered another Materials area 151 | -8/Materials | Evolved 2 slots: Utility x2 255 | -8/Materials | Identified exit to Factory 255 | -8/Materials | Discovered exit to Factory (range 8) 257 | -8/Materials | Entered Factory 257 | -7/Factory | Evolved 2 slots: Power x1, Propulsion x1 448 | -7/Factory | Identified exit to Lower Caves 448 | -7/Factory | Discovered exit to Lower Caves (range 11) 532 | -7/Factory | Build established: Hacker-Sprinter 591 | -7/Factory | Identified exit to Factory 591 | -7/Factory | Discovered exit to Factory (range 10) 594 | -7/Factory | Entered another Factory area 594 | -6/Factory | Evolved 2 slots: Power x1, Propulsion x1 830 | -6/Factory | Identified exit to Factory 830 | -6/Factory | Discovered exit to Factory (range 13) 834 | -6/Factory | Entered another Factory area 834 | -5/Factory | Evolved 2 slots: Propulsion x1, Utility x1 1088 | -5/Factory | Identified exit to Upper Caves 1088 | -5/Factory | Discovered exit to Upper Caves (range 9) 1146 | -5/Factory | Discovered exit to Upper Caves (range 7) 1158 | -5/Factory | Identified exit to Extension 1158 | -5/Factory | Discovered exit to Extension (range 14) 1161 | -5/Factory | Entered Extension 1211 | -5/Extension | Energy Cycler disabled 1211 | -5/Extension | Rescued a captive Derelict 1211 | -5/Extension | Rescued a captive Derelict 1211 | -5/Extension | Rescued a captive Derelict 1297 | -5/Extension | Lost 5 parts (4n1u) 1406 | -5/Extension | Core integrity fell below 50% 1428 | -5/Extension | Spotted B-75 Beast 1438 | -5/Extension | Core integrity fell below 20% 1439 | -5/Extension | Identified exit to Factory 1439 | -5/Extension | Discovered exit to Factory (range 15) 1444 | -5/Extension | Destroyed by B-75 Beast with Heavy Plasma Cannon Last Messages --------------- 01433_ Penetrated by Slug. 01434_ Slammed into Y-64 Sentinel. 01435_ P-70 Sage resets Y-64 Sentinel, system corruption cleaned. 01435_ Slammed into Y-64 Sentinel. 01436_ Penetrated by Slug. 01436_ Slammed into Y-64 Sentinel. 01436_ Slug penetrates Machine. 01437_ Slammed into Y-64 Sentinel. 01437_ Destabilizing: System corrupted (+1). 01437_ Penetrated by Slug. 01438_ Slammed into Y-64 Sentinel. 01439_ EXIT=FOUND: FACTORY 01439_ Penetrated by Slug. 01441_ Machine disabled. 01442_ U-05 Engineer destroyed. 01442_ Slug penetrates B-75 Beast. 01442_ Slug penetrates Y-64 Sentinel. 01442_ Penetrated by Slug. 01443_ Slug penetrates B-75 Beast. 01443_ Penetrated by Slug. Map ----- +----------------------------------------------------+ | ??# #?????# #????????????????????????????? | | ??# #?????# #????????????????????????????? | | ??###########?????# #????????????????????????????? | | ??????????????????# #????????????????????????????? | | ??????????????????# #????????????????????????????? | | ??????????????????# #????????????????????????????? | | ??????????????????# #????????????????????????????? | | ??????????????????# #????????????????????????????? | | ??????????????????# #????????????????????????????? | | ??????????????????# #????????????????????????????? | | ??????????????????# #????????????????????????????? | | ??????????????????# #????????????????????????????? | | ??????????????????# #?###?##?? #?????????????????? | | ????????????????###p### ## ### ###???????????????? | | ????????????????#""h"" "" % #???????????????? | | ????????????????# "Y $ #???????????????? | | ????????????????# !%s #???????????????? | | ????????????????#h ! #???????????????? | | ?????????######## Y ######??????????? | | ?????? ??????????? | | ????? u ?????????? | | ?????? % g ?????????? | | ?????? BB g g ?????????? | | ??????? BB AAk k u ?????????? | | ??????########### % =R #####???????????? | | ????????????????# @ * #???????????????? | | ????????????????# ] #???????????????? | | ????????????????# #???????????????? | | ????????????????# #???????????????? | | ????????????????######T# #######???????????????? | | ?????????????????????### < #?????????????????????? | | ????????????????????????###??????????????????????? | | | | | | | | | | | | | | | | | | | | | | | | | | | | | | | | | | | | | +----------------------------------------------------+ Best States ------------- Heat Dissipation 40 Energy Generation 47 Energy Capacity 745 Matter Stores 268 Matter Capacity 300 Sight Range 16 Terrain Scan Density 10 Power Amplification 20 Armor Coverage 150 Resistance: KI 35 Resistance: TH 35 Resistance: EX 35 Resistance: EM 35 Resistance: I 35 Resistance: S 35 Resistance: P 35 Power Shielding 33 Evasion (%) 71 Targeting Accuracy 5 Offensive Hacking 20 Item Schematics ----------------- None Robot Schematics ------------------ None Fabricated ------------ Nothing Alien Tech Used ----------------- None Achievements -------------- Can't Catch Me Cya! Slippery One Challenges ------------ None Game ------ Seed drdrew Manual? 1 Play Time 00:25:49 Cumulative 10.7 hours Start 2021.08.25 @ 17:46:32 End 2021.08.25 @ 18:12:19 Sessions 1 Manual Loads 0 Difficulty Explorer Special Mode None Game No. 15 Rogue 0 Adventurer 9 Explorer 6 Win Type - Total 0 Types 0/0/0/0/0/0/0/0/0 Lore% 19 Gallery% 21 Achievement% 19 Wizard Run 0 Options --------- ASCII 0 Keyboard 0 Movement Numpad Keybinds 0 Fullscreen 1 Font 18/X11 Map View 76x50 Tactical HUD 1 Map Filters NONE Filters NONE Steam 1 RUN: 5e90612c-63ec-4e9d-ad27-092753fccd27